 Dungeon Crawl Stone Soup version 0.27.1-3-gb3d3a73c9e (webtiles) character file.

Game seed: 2600224563572793010

304 workbot the Shield-Bearer (level 6, -4/38 HPs)
             Began as a Gargoyle Fighter on Oct 15, 2021.
             Slain by an orc (5 damage)
             ... on level 3 of the Dungeon.
             The game lasted 00:08:57 (2674 turns).

workbot the Shield-Bearer (Gargoyle Fighter)        Turns: 2674, Time: 00:08:58

Health: -4/38      AC: 23    Str: 22    XL:     6   Next: 38%
Magic:  6/6        EV:  4    Int:  8    God:
Gold:   153        SH: 10    Dex: 15    Spells: 5/5 levels left

rFire    . . .     SeeInvis .   d - +3 flail (protect)
rCold    . . .     Faith    .   c - +0 kite shield
rNeg     + . .     Spirit   .   f - +0 plate armour
rPois    ∞         Reflect  .   (no helmet)
rElec    +         Harm     .   (no cloak)
rCorr    .         Rampage  .   (no gloves)
Will     .....                  (no boots)
Stlth    ..........             (no amulet)
HPRegen  0.12/turn              g - +6 ring of dexterity
MPRegen  0.10/turn              (no ring)

@: under a protective aura
A: sickness immunity, AC +4, negative energy resistance 1, electricity
resistance, torment resistance 1, petrification resistance
a: no special abilities


You were on level 3 of the Dungeon.
You visited 1 branch of the dungeon, and saw 3 of its levels.

You collected 153 gold pieces.

Inventory:

Hand Weapons
 d - a +3 flail of protection (weapon)
Armour
 c - a +0 kite shield (worn)
 f - a +0 plate armour (worn)
Jewellery
 b - a ring of wizardry
 g - a +6 ring of dexterity (left hand)
Scrolls
 a - a scroll of fear


   Skills:
 + Level 4.1 Fighting
 * Level 4.6 Maces & Flails
 + Level 4.0 Armour
 + Level 0.4 Dodging
 + Level 0.3 Stealth
 + Level 4.7 Shields


You had 5 spell levels left.
You didn't know any spells.
Your spell library was empty.

Dungeon Overview and Level Annotations

Branches:
Dungeon (3/15)

Altars:
Beogh

Shops:
D:2 (


Innate Abilities, Weirdness & Mutations

You are immune to sickness and miasma.
Your stone body is resilient. (AC +4)
You are immune to poison.
You resist negative energy. (rN+)
You are resistant to electric shocks. (rElec)
You are resistant to unholy torment.
You are immune to petrification.


Message History

Hit: d) +3 flail (protect)
Press: ? - help, Dir - move target, f/p - orc
Aim: an orc, wielding a +0 short sword and wearing a +0 leather armour (about 38% to evade your +3 flail of protection)
You closely miss the orc. The orc hits you but does no damage. x3
Hit: d) +3 flail (protect)
Press: ? - help, Dir - move target, f/p - orc
Aim: an orc, wielding a +0 short sword and wearing a +0 leather armour (about 37% to evade your +3 flail of protection)
You barely miss the orc. The orc hits you but does no damage. x2
Hit: d) +3 flail (protect)
Press: ? - help, Dir - move target, f/p - orc
Aim: an orc, wielding a +0 short sword and wearing a +0 leather armour (about 37% to evade your +3 flail of protection)
You hit the orc.
The orc is moderately wounded.
You block the orc's attack. x2; The orc hits you but does no damage.
Hit: d) +3 flail (protect)
Press: ? - help, Dir - move target, f/p - orc
Aim: an orc, wielding a +0 short sword and wearing a +0 leather armour (moderately wounded, about 37% to evade your +3 flail of protection)
You sock the orc!
You kill the orc!
The orc hits you but does no damage. x2
The orc hits you with a +0 trident.
* * * LOW HITPOINT WARNING * * *
Things that are here:
a +0 whip; a kobold corpse Hit: d) +3 flail (protect)
Press: ? - help, Dir - move target, f - orc
Aim: an orc, wielding a +0 trident (about 37% to evade your +3 flail of protection)
You closely miss the orc. You block the orc's attack.
Hit: d) +3 flail (protect)
Press: ? - help, Dir - move target, f/p - orc
Aim: an orc, wielding a +0 trident (about 37% to evade your +3 flail of protection)
You barely miss the orc. You block the orc's attack.
Hit: d) +3 flail (protect)
Press: ? - help, Dir - move target, f/p - orc
Aim: an orc, wielding a +0 trident (about 37% to evade your +3 flail of protection)
You hit the orc.
Your weapon exudes an aura of protection.
The orc is almost dead.
The orc closely misses you. The orc hits you with a +0 trident.
You die...

_.8.#.'.....#.#
..#.'.....#.##.##
.#.#........#..
.##..#.#...#..#.. .≈≈≈
.8#..#....)#..#.. ≈≈≈≈
..##..#.##..#..#.# #≈≈≈≈ 8
....#.....#..#.# #≈≈≈≈
########8##o##..#.# ♣≈P≈
#........@oo....#.####♣≈≈P
###############+###.#......♣PP
#...<......#................♣≈
######.###.#.....##.##.......♣
#...#.#.... #.##........
###.#.#... #.##........
######.#.#.. #.##........
#......#.########.##........
#.######..........##..(.....


You could see 3 orcs.

Vanquished Creatures
  The ghost of Whoops the Cudgeller, an amateur GrFi (D:3)
  A hound (D:3)
  Terence (D:2)
  2 adders
  A dart slug (D:3)
  7 orcs (D:3)
  4 ball pythons
  2 endoplasms
  4 hobgoblins
  12 jackals
  A quokka (D:3)
  6 bats
  3 frilled lizards
  A goblin (D:3)
  4 kobolds
  4 rats
54 creatures vanquished.

Vanquished Creatures (others)
  2 plants (D:3)
2 creatures vanquished.

Grand Total: 56 creatures vanquished

Notes
Turn   | Place    | Note
-------+----------+-------------------------------------------
     0 | D:1      | workbot the Gargoyle Fighter began the quest for the Orb.
     0 | D:1      | Reached XP level 1. HP: 14/14 MP: 1/1
   147 | D:1      | Reached XP level 2. HP: 15/19 MP: 2/2
   249 | D:1      | You fall into a shaft and drop 1 floor!
  1623 | D:2      | Noticed Terence
  1628 | D:2      | Reached XP level 3. HP: 9/23 MP: 3/3
  1632 | D:2      | Killed Terence
  1854 | D:2      | Found Efruidwemasm's Weapon Emporium.
  1892 | D:2      | Reached XP level 4. HP: 28/28 MP: 4/4
  2446 | D:3      | Reached XP level 5. HP: 30/33 MP: 5/5
  2599 | D:3      | Identified the +6 hunting sling "Tolof" {speed, rF+ Will+
                  | Dex+2}
  2599 | D:3      | Identified the +5 chain mail of the Saviour {Str+2}
  2599 | D:3      | Noticed Whoops's ghost (amateur GrFi)
  2605 | D:3      | Found a runed translucent gate.
  2618 | D:3      | Found a runed translucent gate.
  2619 | D:3      | Found a runed translucent gate.
  2664 | D:3      | Killed Whoops's ghost
  2664 | D:3      | HP: 1/33 [orc (7)]
  2665 | D:3      | Reached XP level 6. HP: 1/38 MP: 6/6
  2671 | D:3      | HP: 1/38 [orc (1)]
  2674 | D:3      | Slain by an orc

Illustrated notes

Levels and vault maps discovered:
D:1:      sevenhm_arrival_forest_fort_small_1, layout_rooms,
          chequers_decorated_corner, serial_bayou_pond_e
D:2:      layout_loops_corners, serial_shops, shop, kennysheep_generic_room_6,
          uniq_terence
D:3:      layout_basic, biasface_ghost_orc_armoury, minmay_fountain_box,
          serial_bayou_lagoon_b

Skill      XL: |  1  2  3  4  5 |
---------------+----------------+-----
Shields        | 4 |  4.7
Maces & Flails | 3 4 |  4.6
Fighting       | 4 |  4.1
Armour         | 4 |  4.0
Dodging        | |  0.4
Stealth        | |  0.3

Action                   |  1- 3 |  4- 6 || total
-------------------------+-------+-------++-------
Melee: Flail             |    80 |    98 ||   178
  Use: Scroll            |     5 |     1 ||     6
       Potion            |     1 |     1 ||     2
Armor: Scale mail        |    52 |     8 ||    60
       Chain mail        |       |    46 ||    46
       Plate armour      |       |    38 ||    38
Dodge: Dodged            |    27 |    40 ||    67
Block: Kite shield       |    59 |    70 ||   129
